 Dungeon Crawl Stone Soup version 0.31-a0-234-gad7ace16ef (webtiles) character file.

Game seed: 10986875658911530591

124 qw the Shooter (level 5, -2/30 HPs)
             Began as a Gargoyle Hexslinger on July 9, 2023.
             Slain by Grinder (8 damage)
             ... on level 3 of the Dungeon.
             The game lasted 00:00:53 (2179 turns).

qw the Shooter (Gargoyle Hexslinger)                Turns: 2179, Time: 00:00:53

Health: -2/30      AC: 12    Str: 11    XL:     5   Next: 8%
Magic:  6/6        EV: 10    Int: 14    God:
Gold:   8          SH:  0    Dex: 14    Spells: 5/6 levels left

rFire   . . .        Y - +1 sling
rCold   . . .        (no shield)
rNeg    + . .        i - +0 ring mail
rPois   inf          a - +0 helmet
rElec   +            d - +0 cloak
rCorr   .            m - +0 pair of gloves
SInv    .            (no boots)
Will    .....        (no amulet)
Stlth   +            (no ring)
HPRegen 0.25/turn    (no ring)
MPRegen 0.10/turn

%: no passive effects
@: no status effects
A: sickness immunity, AC +4, negative energy resistance 1, electricity
resistance, torment resistance 1, petrification resistance
a: no special abilities


You were on level 3 of the Dungeon.
You visited 1 branch of the dungeon, and saw 3 of its levels.

You collected 176 gold pieces.
You spent 168 gold pieces at shops.


Innate Abilities, Weirdness & Mutations

You are immune to sickness and miasma.
Your stone body is resilient. (AC +4)
You are immune to poison.
You resist negative energy. (rN+)
You are resistant to electric shocks. (rElec)
You are resistant to unholy torment.
You are immune to petrification.


   Skills:
 - Level 2.0 Fighting
 + Level 4.6 Ranged Weapons
 - Level 1.0 Armour
 - Level 1.5 Dodging
 - Level 1.0 Spellcasting
 - Level 2.6 Hexes


You had 5 spell levels left.
You knew the following spells:

 Your Spells              Type           Power      Damage    Failure   Level
a - Slow                  Hex            32%        N/A       21%         1

Your spell library contained the following spells:

 Spells                   Type           Power      Damage    Failure   Level
 Inner Flame              Hex/Fire       4%         N/A       71%         3
 Portal Projectile        Hex/Tloc       8%         N/A       71%         3
 Cause Fear               Hex            4%         N/A       90%         4

Inventory:

Hand Weapons
 Y - a +1 sling (weapon)
Armour
 a - a +0 helmet (worn)
 d - a +0 cloak (worn)
 i - a +0 ring mail (worn)
 m - a +0 pair of gloves (worn)
Jewellery
 f - a +6 ring of strength
Potions
 b - 3 potions of brilliance {unknown}
 c - a potion of heal wounds {unknown}
 e - 2 potions of enlightenment {unknown}
 g - a potion of berserk rage {unknown}
 h - a potion of cancellation
 j - 3 potions of curing
 k - 2 potions of attraction {unknown}

Dungeon Overview and Level Annotations

Branches:
Dungeon (3/15)

Altars:
Uskayaw

Shops:
D:3 !

Annotations:
D:3 Grinder


Message History

The sling bullet closely misses Grinder.
Grinder gestures at you.
You suddenly lose the ability to move!
Grinder hits you but does no damage. Grinder hits you.
You writhe in agony.
You can move again.
You shoot a sling bullet.
The sling bullet hits Grinder but does no damage.
Grinder is heavily wounded.
Grinder blinks!
You shoot a sling bullet. The sling bullet barely misses Grinder.
You shoot a sling bullet. The sling bullet barely misses Grinder.
You shoot a sling bullet. The sling bullet hits Grinder.
Grinder is heavily wounded.
Grinder blinks!
You shoot a sling bullet. The sling bullet hits Grinder.
Grinder is severely wounded.
You shoot a sling bullet. The sling bullet hits Grinder.
Grinder is severely wounded.
Grinder closely misses you. Grinder hits you.
You writhe in agony.
You shoot a sling bullet.
The sling bullet hits Grinder but does no damage.
Grinder is severely wounded.
Grinder hits you.
You writhe in agony.
You shoot a sling bullet.
The sling bullet closely misses Grinder.
Grinder barely misses you.
You shoot a sling bullet.
The sling bullet closely misses Grinder.
Grinder gestures at you.
You suddenly lose the ability to move!
Grinder hits you!
You can move again.
You shoot a sling bullet. The sling bullet hits Grinder.
Grinder is severely wounded.
Grinder hits you. Grinder barely misses you.
You shoot a sling bullet.
The sling bullet closely misses Grinder.
Grinder hits you!
You die...

.#.#.#.#.#.#.#.#[..
###.####..###%####
.## #.# #.## #(# ...
..## #.# #.# ##.##..
..# #.#### .....# #.#
#..... #.##.## #.#
#.####
#.#?#...###.####.....
#..@..........>.###.
#.#.#5..###.####.# #.
#.#............# #.
..........####.# #.
##.#..###### #.# #.
#..... #.# #. ......#
#.# #. ..#.#..# #.#
#. #####.###[


You could see Grinder.

Vanquished Creatures
  An orc priest (D:3)
  2 adders (D:3)
  A dart slug (D:3)
  5 orcs
  4 bats
  7 endoplasms
  3 giant cockroaches (D:1)
  7 goblins
  6 hobgoblins
  5 jackals
  2 kobolds
  5 quokkas
  6 ball pythons
  8 rats
62 creatures vanquished.

Notes
Turn   | Place    | Note
-------+----------+-------------------------------------------
     0 | D:1      | qw the Gargoyle Hexslinger began the quest for the Orb.
     0 | D:1      | Reached XP level 1. HP: 12/12 MP: 2/2
     0 | D:1      | 0 ||| qw: Version: 0.3-a-51-g015441d
     0 | D:1      | 0 ||| qw: Game counter: 4358
     0 | D:1      | 0 ||| qw: Melee chars always use a shield: true
     0 | D:1      | 0 ||| qw: God list: Okawaru
     0 | D:1      | 0 ||| qw: Allow faded altars: false
     0 | D:1      | 0 ||| qw: Do Orc after clearing Dungeon:15 true
     0 | D:1      | 0 ||| qw: Do second Lair branch before Depths: true
     0 | D:1      | 0 ||| qw: Lair rune preference: random
     0 | D:1      | 0 ||| qw: Goals: Normal
     0 | D:1      | 0 ||| PLANNING D:1-11
    62 | D:1      | Reached XP level 2. HP: 16/16 MP: 3/3
    74 | D:1      | Reached skill level 3 in Ranged Weapons
   353 | D:1      | Reached XP level 3. HP: 21/21 MP: 4/4
   789 | D:1      | 789 ||| UPGRADING to +0 cloak.
   794 | D:1      | 794 ||| UPGRADING to +0 ring mail.
   804 | D:1      | 804 ||| DROPPING +0 robe.
   805 | D:1      | 805 ||| UPGRADING to +0 pair of gloves.
   810 | D:1      | 810 ||| READING scroll labelled ICIRIU CUFETO.
   811 | D:1      | 811 ||| READING scroll labelled UCWERAUNTY.
   812 | D:1      | 812 ||| READING scroll labelled KASETU ONAUS.
   813 | D:1      | 813 ||| READING scroll labelled XUDWEACVUM.
   814 | D:1      | 814 ||| DROPPING scroll of poison.
  1031 | D:2      | Reached skill level 1 in Armour
  1286 | D:2      | Found a hide-covered altar of Uskayaw.
  1598 | D:2      | 1598 ||| UPGRADING to +0 helmet.
  1641 | D:3      | 1641 ||| STAIRDANCE
  1709 | D:3      | Reached XP level 4. HP: 25/26 MP: 5/5
  1777 | D:3      | Reached skill level 4 in Ranged Weapons
  1902 | D:3      | Reached XP level 5. HP: 30/30 MP: 6/6
  1934 | D:3      | Identified the +7 chain mail of the Flute {+Blink rC- Str+3
                  | Int+3}
  2078 | D:3      | Found Lintefyi's Distillery.
  2086 | D:3      | 2086 ||| BUYING 2 potions of curing (72 gold).
  2086 | D:3      | Bought 2 potions of curing for 72 gold pieces
  2086 | D:3      | 2086 ||| BUYING potion of cancellation (96 gold).
  2086 | D:3      | Bought a potion of cancellation for 96 gold pieces
  2086 | D:3      | 2086 ||| SHOPLISTING potion of curing (36 gold, have 2).
  2086 | D:3      | 2086 ||| SHOPLISTING potion of enlightenment (60 gold, have
                  | 2).
  2086 | D:3      | 2086 ||| SHOPLISTING potion of heal wounds (60 gold, have
                  | 2).
  2154 | D:3      | Noticed Grinder
  2165 | D:3      | Paralysed by Grinder for 3 turns
  2176 | D:3      | Paralysed by Grinder for 2 turns
  2177 | D:3      | HP: 7/30 [Grinder (8)]
  2179 | D:3      | Slain by Grinder

Levels and vault maps discovered:
D:1:      spicycebolla_arrival_xxxplode, layout_loops_ring, hex_large
D:2:      layout_basic, basic_altar
D:3:      layout_loops_ring, serial_shops,
          nicolae_shop_temple_entry_statues_fountains, st_stairs_11,
          uniq_grinder

Skill      XL: |  1  2  3  4 |
---------------+-------------+-----
Ranged Weapons | 3 4 |  4.6
Fighting       | 2 |  2.0
Armour         | 1 |  1.0
Dodging        | |  1.5
Spellcasting   | |  1.0
Hexes          | |  2.6

Action                     |  1- 3 |  4- 6 || total
---------------------------+-------+-------++-------
   Fire: Sling             |   160 |    69 ||   229
    Use: Scroll            |     4 |       ||     4
 Armour: Robe              |    18 |       ||    18
         Ring mail         |    28 |    10 ||    38
  Dodge: Dodged            |    97 |    16 ||   113

Table legend:
 A = Non-vault XP
 B = Vault XP
 C = Vault XP percentage of total XP
 D = Non-vault monster count
 E = Vault monster count
 F = Vault count percentage of total count
                 A         B        C        D         E       F
            +---------+---------+-------+---------+---------+-------
      Total |     162 |      16 |   9.0 |      59 |       3 |   4.8
            +---------+---------+-------+---------+---------+-------
        D:1 |      45 |       0 |   0.0 |      27 |       0 |   0.0
        D:2 |      29 |       0 |   0.0 |      15 |       0 |   0.0
        D:3 |      88 |      16 |  15.4 |      17 |       3 |  15.0
            +---------+---------+-------+---------+---------+-------
